 Dungeon Crawl Stone Soup version 0.29.1-2-gbd0b4ee654 (webtiles) character file.

Game seed: 12347001553103677437

24441 hilljack the Transmogrifier (level 13, -8/98 HPs)
             Began as a Human Earth Elementalist on Nov 6, 2022.
             Was a Follower of Sif Muna.
             Mangled by Rupert
             ... wielding a +0 battleaxe of freezing
              (41 damage)
             ... on level 3 of the Lair of Beasts.
             The game lasted 00:48:19 (18737 turns).

hilljack the Transmogrifier (HuEE)                 Turns: 18737, Time: 00:48:20

Health: -8/98      AC:  9    Str:  9    XL:     13   Next: 42%
Magic:  14/25      EV: 16    Int: 19    God:    Sif Muna [*.....]
Gold:   787        SH:  5    Dex: 15    Spells: 11/28 levels left

rFire   . . .      SeeInvis .   a - staff of earth
rCold   + . .      Faith    .   (no shield)
rNeg    . . .      Spirit   .   o - +1 robe {rC+}
rPois   .          Reflect  +   i - +1 helmet
rElec   .          Harm     .   w - +0 cloak
rCorr   .          Rampage  .   e - +0 pair of gloves
Will    .....                   q - +1 pair of boots
Stlth   ++........              j - amulet of reflection
HPRegen 0.26/turn               h - ring of wizardry
MPRegen 0.19/turn               K - ring of wizardry

@: invisible
A: no striking features
a: Renounce Religion, Channel Magic


You were on level 3 of the Lair of Beasts.
You worshipped Sif Muna.
Sif Muna was aware of your devotion.
You visited 3 branches of the dungeon, and saw 15 of its levels.
You also visited: Sewer.

You collected 944 gold pieces.
You spent 157 gold pieces at shops.

Inventory:

Hand Weapons
 b - a +4 spear of venom
 E - the +8 hand axe "Tagak" {freeze, Fragile rF+ Dex+3}
   (You found it on level 8 of the Dungeon)

   It freezes those it strikes, dealing additional cold damage.
   It can also slow down cold-blooded creatures.
   Dex:       It affects your dexterity (+3).
   rF:        It protects you from fire.
   Fragile:   It will be destroyed if unequipped.
Armour
 e - a +0 pair of gloves (worn)
 i - a +1 helmet (worn)
 o - a +1 robe of cold resistance (worn)
 q - a +1 pair of boots (worn)
 w - a +0 cloak (worn)
Magical Staves
 a - a staff of earth (weapon)
 D - a staff of conjuration
Jewellery
 h - a ring of wizardry (left hand)
 j - an amulet of reflection (around neck)
 k - a ring of ice
 x - the ring "Nielakeu" {rElec rF+ Will- Dex+4 SInv}
   (You found it on level 7 of the Dungeon)

   [ring of see invisible]

   Dex:       It affects your dexterity (+4).
   rF:        It protects you from fire.
   rElec:     It insulates you from electricity.
   SInv:      It lets you see invisible.
   Will:      It decreases your willpower.
 z - a ring of poison resistance
 K - a ring of wizardry (right hand)
Wands
 m - a wand of paralysis (12)
 s - a wand of light (25)
 t - a wand of flame (24)
 I - a wand of roots (12)
Scrolls
 c - 10 scrolls of teleportation
 l - 4 scrolls of immolation
 y - 3 scrolls of vulnerability
 A - a scroll of torment
 F - a scroll of amnesia
 G - 3 scrolls of fear
 J - 3 scrolls of identify
Potions
 d - 5 potions of mutation
 f - 2 potions of resistance
 g - 2 potions of flight
 n - a potion of ambrosia
 r - 3 potions of heal wounds
 u - 2 potions of curing
 v - a potion of attraction
 B - 3 potions of berserk rage


   Skills:
 - Level 8.0 Fighting
 - Level 8.0 Dodging
 - Level 2.0 Stealth
 - Level 8.0 Spellcasting
 - Level 5.0 Conjurations
 + Level 11.9 Transmutations
 - Level 8.5 Earth Magic
 - Level 8.0 Poison Magic


You had 11 spell levels left.
You knew the following spells:

 Your Spells              Type           Power      Damage    Failure   Level
a - Sandblast             Erth           100%       2d20      1%          1
b - Passwall              Tmut/Erth      51%        N/A       1%          2
c - Stone Arrow           Conj/Erth      98%        3d13      1%          3
d - Petrify               Tmut/Erth      62%        N/A       1%          4
e - Apportation           Tloc           14%        N/A       2%          1
f - Poisonous Vapours     Pois/Air       44%        N/A       1%          2
g - Anguish               Hex/Necr       3%         N/A       22%         4

Your spell library contained the following spells:

 Spells                   Type           Power      Damage    Failure   Level
 Magic Dart               Conj           100%       1d8       1%          1
 Searing Ray              Conj           52%        2d6       1%          2
 Necrotise                Necr           28%        1d5       2%          1
 Summon Small Mammal      Summ           28%        N/A       2%          1
 Call Canine Familiar     Summ           7%         N/A       7%          3
 Summon Guardian Golem    Hex/Summ       7%         N/A       7%          3
 Corpse Rot               Necr/Pois/Air  17%        N/A       9%          4
 Fulminant Prism          Conj/Hex       8%         3d7       9%          4
 Summon Ice Beast         Ice/Summ       7%         N/A       22%         4
 Summon Mana Viper        Hex/Summ       7%         N/A       50%         5
 Enfeeble                 Hex            3%         N/A       100%        7
 Monstrous Menagerie      Summ           3%         N/A       100%        7


Dungeon Overview and Level Annotations

Branches:
Dungeon (10/15)            Temple (1/1) D:5            Lair (4/5) D:8
 Shoals (0/4) Lair:2        Snake (0/4) Lair:2          Orc (0/2) D:10
  Sewer (visited)
  Slime: Lair:4-5

Altars:
Ashenzari
Cheibriados
Dithmenos
Elyvilon
Fedhas
Gozag
Hepliaklqana
Kikubaaqudgha
Makhleb
Nemelex Xobeh
Okawaru
Qazlal
Ru
Sif Muna
Trog
Uskayaw
Vehumet
Wu Jian
Xom
Yredelemnul
Zin
The Shining One
Lugonu

Shops:
D:6 *![   D:8 [

Annotations:
D:3 3 runed translucent doors, lokiplouj's ghost, amateur DEVM
Lair:3 Nessos; Rupert


Message History

Rupert is engulfed in poison gas.
Rupert looks even sicker.
Rupert completely misses you.
Casting: Stone Arrow (safe; 1% risk of failure)
Confirm with . or Enter, or press ? or * to list all spells.
Aiming: Stone Arrow (safe; 1% risk of failure)
Press: ? - help, Shift-Dir - straight line, f/p - Rupert
Aim: Rupert, wielding a +0 battleaxe of freezing and wearing a +0 scale mail (poison gas, moderately wounded, berserk, very poisoned, 79% to hit)
You feel a surge of power!
The stone arrow hits Rupert.
Rupert is moderately wounded.
Rupert is engulfed in poison gas.
Rupert looks as sick as possible!
Rupert hits you with a +0 battleaxe of freezing!!
Rupert freezes you.
Rupert looks as sick as possible!
Rupert hits you with a +0 battleaxe of freezing!!
Rupert freezes you!
* * * LOW HITPOINT WARNING * * *
Okay, then.
You feel much better.
Rupert is engulfed in poison gas.
Rupert looks as sick as possible!
You block Rupert's attack.
Okay, then.
You fade into invisibility!
Rupert is engulfed in poison gas.
Rupert looks as sick as possible!
Rupert barely misses you.
Rupert is engulfed in poison gas.
Rupert looks as sick as possible!
Rupert barely misses you.
Casting: Stone Arrow (safe; 1% risk of failure)
Confirm with . or Enter, or press ? or * to list all spells.
Aiming: Stone Arrow (safe; 1% risk of failure)
Press: ? - help, Shift-Dir - straight line, f/p - Rupert
Aim: Rupert, wielding a +0 battleaxe of freezing and wearing a +0 scale mail (poison gas, heavily wounded, berserk, unable to see you, extremely poisoned, 79% to hit)
You feel a surge of power!
The stone arrow hits Rupert!
Rupert is heavily wounded.
Rupert is engulfed in poison gas.
Rupert looks as sick as possible!
Rupert hits you with a +0 battleaxe of freezing!!!
* * * LOW HITPOINT WARNING * * *
Rupert freezes you.
* * * LOW HITPOINT WARNING * * *
You feel much better.
Rupert looks as sick as possible!
You block Rupert's attack.
Rupert is engulfed in poison gas.
Rupert looks as sick as possible!
Rupert hits you with a +0 battleaxe of freezing!!!
You die...

##.....##
##...................
#......# ##§○§☼§☼☼☼§§
... #.....##
###§☼§§§§§§§§§ ...
##....# ##.##☼§☼☼§§○§§☼
...
#.....###§§##○○§§§§§§☼§
...
#.......§§§☼§§§§○§○§○§§
...
##......○§§§☼§○○§§§○○○§
...
##.....###P§§§§§§§§§§§§§
..
#.......#####☼§§@§§§§§☼§
.. ###....##
#§§§☼@§§§§§§☼ .. #.....#
##§☼☼§§§☼§§☼§ .. #....##
#§§§§§☼☼☼§☼○§ .. #.....#
##§§§.§§§§§§☼ .. #.....#
#○§§§<§§§○§§§ .. #.....#
#§○○§§§☼§§○§§ ..
##....## ##§§§§§○§§§☼§
.. #.....# #........<..
..


You could see Rupert (berserk, unable to see you, extremely poisoned).

Vanquished Creatures
  Fannar (Lair:1)
  3 hydras
  A catoblepas (Lair:1)
  2 two-headed ogres (D:9)
  Sonja (Lair:1)
  A manticore (D:9)
  7 black mambas
  2 merfolk sirens (Lair:2)
  3 cane toads
  A rime drake (Lair:2)
  Maggie (D:6)
  5 komodo dragons
  2 merfolk (Lair:2)
  A hornet (D:7)
  3 slime creatures (D:7)
  8 blink frogs
  17 yaks
  3 wyverns
  A wraith (D:10)
  A basilisk (Lair:4)
  Grum (D:8)
  Menkaure (D:4)
  Edmund (D:6)
  16 water moccasins
  2 orc warriors (D:10)
  6 black bears
  A sky beast (D:8)
  12 wolves
  2 centaurs
  An ogre (D:7)
  2 kobold brigands (D:7)
  14 bullfrogs
  4 necrophages
  A gnoll sergeant (D:10)
  7 scorpions
  5 wights (D:7)
  19 killer bees
  3 electric eels
  A hound (D:7)
  4 jellies
  Crazy Yiuf (D:6)
  5 orc priests
  A gnoll bouda (D:6)
  3 iguanas (D:4)
  Natasha (thrice) (D:3)
  3 orc wizards
  2 human simulacra (D:9)
  12 gnolls
  11 adders
  A river rat (D:6)
  2 white imps (D:7)
  A worm (D:3)
  2 dart slugs
  21 orcs
  9 endoplasms
  5 giant cockroaches
  7 goblins
  10 hobgoblins
  2 jackals (Sewer)
  4 quokkas
  10 ball pythons
  7 bats
  3 frilled lizards
  12 kobolds
  7 rats
  A butterfly (D:5)
312 creatures vanquished.

Vanquished Creatures (others)
  2 killer bees
  An orc wizard (D:10)
  53 fungi
  83 plants
  7 toadstools (D:7)
146 creatures vanquished.

Grand Total: 458 creatures vanquished

Notes
Turn   | Place    | Note
-------+----------+-------------------------------------------
     0 | D:1      | hilljack the Human Earth Elementalist began the quest for
                  | the Orb.
     0 | D:1      | Reached XP level 1. HP: 13/13 MP: 3/3
   175 | D:1      | Reached XP level 2. HP: 17/19 MP: 0/5
   551 | D:1      | Found a faded altar of an unknown god.
   560 | D:1      | Reached XP level 3. HP: 23/24 MP: 0/6
  1215 | D:2      | Learned a level 2 spell: Passwall
  1219 | D:2      | Learned a level 3 spell: Stone Arrow
  1335 | D:3      | Reached XP level 4. HP: 30/30 MP: 3/7
  1431 | D:3      | Reached skill level 2 in Transmutations
  1596 | D:3      | Noticed Natasha
  1601 | D:3      | Killed Natasha
  1602 | D:3      | Reached XP level 5. HP: 35/35 MP: 3/9
  1917 | D:3      | Noticed Natasha
  1920 | D:3      | Killed Natasha
  2308 | D:3      | Noticed Natasha
  2314 | D:3      | Killed Natasha
  2315 | D:3      | Reached XP level 6. HP: 36/41 MP: 4/10
  2446 | D:3      | Found a runed translucent gate.
  2446 | D:3      | Found a runed translucent gate.
  2446 | D:3      | Found a runed translucent gate.
  2449 | D:3      | Noticed lokiplouj's ghost (amateur DEVM)
  2732 | D:4      | Reached skill level 5 in Earth Magic
  2825 | D:4      | Reached skill level 3 in Transmutations
  2926 | D:4      | Learned a level 4 spell: Petrify
  2962 | D:4      | Noticed a water moccasin
  2984 | D:4      | Killed a water moccasin
  2985 | D:4      | Reached XP level 7. HP: 14/46 MP: 8/12
  3319 | D:4      | Found an iron altar of Okawaru.
  3484 | D:4      | Noticed Menkaure
  3498 | D:4      | Killed Menkaure
  4152 | D:5      | Entered Level 5 of the Dungeon
  4174 | D:5      | Reached XP level 8. HP: 52/52 MP: 4/14
  4435 | D:5      | Found a sacrificial altar of Ru.
  4757 | D:5      | Found a staircase to the Ecumenical Temple.
  4759 | D:5      | Reached skill level 5 in Spellcasting
  4821 | Temple   | Entered the Ecumenical Temple
  5071 | D:5      | Reached skill level 1 in Conjurations
  5281 | D:6      | Found an opulent altar of Gozag.
  5317 | D:6      | Noticed Edmund
  5342 | D:6      | Found Xyocen's Antique Armour Boutique.
  5356 | D:6      | Found Jamateis's Lightly-Used Armoury.
  5389 | D:6      | Found a glowing drain.
  5396 | Sewer    | Entered a sewer
  5657 | Sewer    | Reached XP level 9. HP: 29/57 MP: 15/17
  5984 | D:6      | Killed Edmund
  6155 | D:6      | Noticed Maggie
  6159 | D:6      | Killed Maggie
  6301 | D:6      | Found a white marble altar of Elyvilon.
  6322 | D:6      | Found Ilea's Assorted Antiques.
  6330 | D:6      | Bought a pink potion for 20 gold pieces
  6330 | D:6      | Bought a scroll of identify for 46 gold pieces
  6330 | D:6      | Bought a scroll of identify for 46 gold pieces
  6382 | D:6      | Found a runed translucent door.
  6383 | D:6      | Noticed Crazy Yiuf
  6388 | D:6      | Killed Crazy Yiuf
  6473 | D:6      | Found an ornate altar of the Wu Jian Council.
  6582 | D:6      | Found Zeadyki's Distillery.
  6590 | D:6      | Bought a potion of flight for 45 gold pieces
  6773 | D:7      | Noticed a hornet
  6779 | D:7      | Killed a hornet
  6786 | D:7      | Reached skill level 5 in Conjurations
  6966 | D:7      | Learned a level 1 spell: Apportation
  7255 | D:7      | Reached XP level 10. HP: 63/63 MP: 14/22
  7262 | D:7      | Reached skill level 1 in Fighting
  7820 | D:7      | Reached skill level 5 in Fighting
  8098 | D:7      | Identified the ring "Nielakeu" {rElec rF+ Will- Dex+4 SInv}
  8401 | D:8      | Learned a level 2 spell: Poisonous Vapours
  8536 | D:8      | Noticed a komodo dragon
  8545 | D:8      | Killed a komodo dragon
  8669 | D:8      | Found a staircase to the Lair.
  8709 | D:8      | Identified the +8 hand axe "Tagak" {freeze, Fragile rF+
                  | Dex+3}
  8823 | D:8      | Reached skill level 1 in Poison Magic
  9182 | D:8      | Found a stormy altar of Qazlal.
  9339 | D:8      | Reached XP level 11. HP: 86/86 MP: 9/23
  9565 | D:8      | Found Aschopub's Antique Armour Shoppe.
  9792 | D:8      | Noticed Grum
  9807 | D:8      | Killed Grum
 10187 | D:9      | Noticed a two-headed ogre
 10193 | D:9      | Killed a two-headed ogre
 10194 | D:9      | Reached skill level 5 in Dodging
 10449 | D:9      | Found a hazy altar of Hepliaklqana.
 10450 | D:9      | Found a burning altar of Makhleb.
 10452 | D:9      | Found a broken altar of Ashenzari.
 10453 | D:9      | Noticed a manticore
 10462 | D:9      | Killed a manticore
 10803 | D:9      | Noticed a two-headed ogre
 10809 | D:9      | Killed a two-headed ogre
 10810 | D:9      | Reached skill level 5 in Poison Magic
 10872 | D:9      | Found a shimmering altar of Xom.
 11106 | D:10     | Entered Level 10 of the Dungeon
 11131 | D:10     | Found a glowing silver altar of Zin.
 11175 | D:10     | Found a shimmering blue altar of Sif Muna.
 11261 | D:10     | Learned a level 4 spell: Anguish
 11961 | D:10     | Found a staircase to the Orcish Mines.
 12832 | D:10     | Found a basalt altar of Yredelemnul.
 12914 | Lair:1   | Entered Level 1 of the Lair of Beasts
 12957 | Lair:1   | Noticed Sonja
 12960 | Lair:1   | Killed Sonja
 13120 | Lair:1   | Noticed a catoblepas
 13144 | Lair:1   | Killed a catoblepas
 13145 | Lair:1   | Reached XP level 12. HP: 89/92 MP: 1/24
 13671 | Lair:1   | Noticed an eight-headed hydra
 13698 | Lair:1   | Killed an eight-headed hydra
 13840 | Lair:1   | Reached skill level 4 in Transmutations
 14039 | Lair:1   | Reached skill level 5 in Transmutations
 14187 | D:10     | Became a worshipper of Sif Muna the Loreminder
 14389 | Lair:1   | Noticed Fannar
 14400 | Lair:1   | Killed Fannar
 14401 | Lair:1   | Reached skill level 6 in Transmutations
 14934 | Lair:2   | Reached skill level 7 in Transmutations
 15163 | Lair:2   | Reached skill level 8 in Transmutations
 15573 | Lair:2   | Reached skill level 9 in Transmutations
 15635 | Lair:2   | Noticed a seven-headed hydra
 15676 | Lair:2   | You fall into a shaft and drop 1 floor!
 15738 | Lair:3   | Reached XP level 13. HP: 95/98 MP: 3/25
 16207 | Lair:3   | Reached skill level 10 in Transmutations
 16252 | Lair:3   | Noticed Rupert
 16759 | Lair:2   | Reached * piety under Sif Muna
 16956 | Lair:2   | Noticed a four-headed hydra
 16967 | Lair:2   | Killed a four-headed hydra
 17167 | Lair:2   | Reached skill level 11 in Transmutations
 17601 | Lair:2   | Found a staircase to the Snake Pit.
 18041 | Lair:2   | Found a staircase to the Shoals.
 18256 | Lair:2   | Killed a seven-headed hydra
 18413 | Lair:3   | Noticed Nessos
 18667 | Lair:3   | Identified the +12 quarterstaff "Tormentor" {distort,
                  | +Blink rPois rF+ SInv}
 18737 | Lair:3   | Mangled by Rupert

Illustrated notes

Levels and vault maps discovered:
D:1:      psy_arrival_radial02, layout_rooms, chequers_ecumenical_altar_simple,
          minmay_misc_feat_enclosed
D:2:      layout_rooms
D:3:      layout_basic, gammafunk_ghost_necromancy, uniq_natasha
D:4:      layout_basic, okawaru_metal_pillars_3, st_stairs_3,
          nicolae_hexahallways, grunt_ministairs_6, uniq_menkaure
D:5:      layout_basic, old_standard_altar, minmay_temple_entry_butterflies
D:6:      layout_basic, grunt_gozag_statues, mainiacjoe_overflow_alcove_1,
          mainiacjoe_overflow_paths, portal_sewer_entry_e, serial_shops,
          nicolae_square_shop, shop, shop, minmay_shop_damaged,
          serial_park_tiny_2, corexii_corridor_pit, minivault_11, uniq_edmund,
          uniq_maggie, uniq_crazy_yiuf_cottage
D:7:      cheibrodos_fertilizer, layout_rooms, lemuel_flame_loot_1
D:8:      layout_cave_pods, mainiacjoe_overflow_alcove_4,
          due_lair_maze_entry_diamond, serial_shops, nicolae_shop_waterfront,
          uniq_grum
D:9:      layout_basic, chequers_temple_overflow_statue_of_worship,
          kennysheep_mini_moat, bh_circular_ruins
D:10:     layout_loops_ring, mainiacjoe_overflow_six_doors_small,
          mainiacjoe_overflow_large_starburst, erik_orc_3
Temple:   kb_corrupted_temple
Lair:1:   layout_chaotic_city, serial_bayou_pond_d,
          chequers_serial_rivers_small_3, st_stairs_7,
          infiniplex_staircase_pool, uniq_fannar, uniq_sonja
Lair:2:   layout_cave_pods, elwin_shoals_entry_stream,
          minmay_snake_entry_six_corridors, serial_bayou_lagoon_b
Lair:3:   layout_small_grid, beast_lair_carwin_7, uniq_rupert, uniq_nessos
Lair:4:   layout_cave_pods, grunt_megastairs_4

Skill      XL: |  1  2  3  4  5  6  7  8  9 10 11 12 13 |
---------------+----------------------------------------+-----
Earth Magic    | 4 5 7 8 |  8.5
Transmutations | 2 3 9 11 | 11.9
Spellcasting   | 3 4 5 8 |  8.0
Conjurations   | 2 5 |  5.0
Fighting       | 8 |  8.0
Poison Magic   | 2 7 8 |  8.0
Dodging        | 3 7 8 |  8.0
Stealth        | |  2.0

Action                   |  1- 3 |  4- 6 |  7- 9 | 10-12 | 13-15 || total
-------------------------+-------+-------+-------+-------+-------++-------
Melee: Club              |     3 |       |       |       |       ||     3
       Staff             |       |     3 |    13 |     7 |       ||    23
       Spear             |       |       |    32 |    91 |    28 ||   151
       Battleaxe         |       |       |     8 |       |       ||     8
       Punch             |       |       |       |     1 |       ||     1
 Cast: Sandblast         |    46 |    61 |    51 |   174 |    11 ||   343
       Stone Arrow       |       |     9 |    58 |   144 |    77 ||   288
       Apportation       |       |       |       |     7 |     2 ||     9
       Anguish           |       |       |       |     6 |       ||     6
       Poisonous Vapours |       |       |       |     4 |     1 ||     5
Evoke: Wand              |       |       |       |     2 |       ||     2
  Use: Scroll            |     5 |     1 |    15 |     9 |     3 ||    33
       Potion            |       |     5 |     1 |     7 |     4 ||    17
 Stab: Sleeping          |       |       |     1 |       |       ||     1
Armor: Robe              |     1 |     7 |    21 |    52 |     6 ||    87
       Skin              |       |     3 |       |    20 |       ||    23
Dodge: Dodged            |    10 |    24 |    47 |   209 |    28 ||   318
Block: Other             |       |       |     3 |    63 |    10 ||    76
       Reflection        |       |       |     1 |     4 |       ||     5
